 Dungeon Crawl Stone Soup version 0.30-a0-373-gd37427bb62 (webtiles) character file.

Game seed: 18091441597927425214

207 qeuew the Conjurer (level 5, -2/41 HPs)
             Began as a Draconian Conjurer on Nov 24, 2022.
             Was an Initiate of Hepliaklqana.
             Slain by an orc
             ... wielding a +0 flail
              (6 damage)
             ... on level 5 of the Dungeon.
             The game lasted 00:04:38 (3702 turns).

qeuew the Conjurer (Draconian Conjurer)             Turns: 3702, Time: 00:04:41

Health: -2/41      AC:  5    Str:  9    XL:     5   Next: 54%
Magic:  4/10       EV: 12    Int: 19    God:    Hepliaklqana [......]
Gold:   242        SH:  0    Dex: 11    Spells: 0/10 levels left

rFire   . . .      SeeInvis .    k - +1 long sword
rCold   + . .      Faith    .    (no shield)
rNeg    . . .      Spirit   .    (body armour unavailable)
rPois   .          Reflect  .    (helmet restricted)
rElec   .          Harm     .    (no cloak)
rCorr   .          Rampage  .    (no gloves)
Will    .....                    (no boots)
Stlth   ++........               (no amulet)
HPRegen 0.26/turn                (no ring)
MPRegen 0.12/turn                (no ring)

@: very slightly contaminated
A: AC +5, unfitting armour, cold-blooded, cold resistance 1, mutation resistance
1
a: Renounce Religion


You were on level 5 of the Dungeon.
You worshipped Hepliaklqana.
Hepliaklqana was noncommittal.
You visited 1 branch of the dungeon, and saw 5 of its levels.

You collected 242 gold pieces.

Inventory:

Hand Weapons
 k - a +1 long sword (weapon)
Wands
 d - a wand of flame (24)
Scrolls
 f - 2 scrolls of teleportation
 g - 4 scrolls of fear
 h - a scroll of fog
Potions
 a - 3 potions of magic
 e - 3 potions of curing


   Skills:
 + Level 2.1 Fighting
 + Level 0.9 Long Blades
 + Level 2.6 Dodging
 - Level 1.7 Stealth
 * Level 3.4 Spellcasting
 + Level 4.5 Conjurations
 + Level 0.0 Translocations
 + Level 1.9 Invocations


You couldn't memorise any spells.
You knew the following spells:

 Your Spells              Type           Power      Damage    Failure   Level
a - Magic Dart            Conj           80%        1d7       2%          1
b - Searing Ray           Conj           40%        2d5       3%          2
c - Dazzling Flash        Conj/Hex       22%        N/A       17%         3
d - Iskenderun's Mystic   Conj/Tloc      11%        2d4       50%         4

Your spell library contained the following spells:

 Spells                   Type           Power      Damage    Failure   Level
 Fulminant Prism          Conj/Hex       5%         3d7       50%         4


Dungeon Overview and Level Annotations

Branches:
Dungeon (5/15)
 Temple: D:4-7

Altars:
Elyvilon
Hepliaklqana
Trog
Zin
The Shining One

Shops:
D:1 (

Annotations:
D:4 2 transporters, sirJeffrey23's ghost, amateur BaFi


Innate Abilities, Weirdness & Mutations

Your plain brown scales are hard. (AC +5)
You cannot fit into any form of body armour.
You are cold-blooded and may be slowed by cold attacks.
Your flesh is cold resistant. (rC+)
You are somewhat resistant to further mutation.


Message History

The hound barks!
The orc shouts!
Found 4 poisoned darts and 12 gold pieces.
There is a stone staircase leading up here.
There are monsters nearby!
The magic dart hits the orc!
You kill the orc!
The orc shouts!
You hear an angry hiss.
An adder comes into view.
You miscast Magic Dart.
You are very lightly contaminated with residual magic.
Nothing appears to happen.
The hound barely misses you. The hound bites you.
The magic dart hits the hound.
The hound is lightly wounded.
The hound closely misses you.
You closely miss the hound.
The hound is lightly wounded.
The hound bites you but does no damage. The hound closely misses you.
The orc barely misses you. x2
You barely miss the hound.
The hound is lightly wounded.
The hound bites you but does no damage. The orc closely misses you. x2
The hound barely misses you.
You hit the hound.
You tail-slap the hound, but do no damage.
The hound is moderately wounded.
The hound closely misses you. The adder barely misses you.
The orc hits you with a +0 flail. The orc hits you with a +0 mace.
The hound bites you but does no damage. The adder closely misses you.
The orc closely misses you. The orc hits you with a +0 flail!
Casting: Magic Dart (safe; 2% risk of failure)
Confirm with . or Enter, or press ? or * to list all spells.
The spell is extremely dangerous to miscast (50% risk of failure)!
Continue anyway?
You miscast Iskenderun's Mystic Blast.
You are blasted with magical energy!
* * * LOW HITPOINT WARNING * * *
The hound closely misses you. The adder bites you.
* * * LOW HITPOINT WARNING * * *
The hound bites you.
* * * LOW HITPOINT WARNING * * *
The orc hits you but does no damage. The orc hits you with a +0 flail.
You die...

#########.#
..........#
......$...#
..........#
..........#
........(.#
......o...#
#...o@..#
#...Sh..#
#.#.....# #
#######


You could see a hound, an adder and 2 orcs.

Vanquished Creatures
  Edmund (D:4)
  A jelly (D:3)
  2 adders (D:2)
  4 orcs
  4 ball pythons
  4 endoplasms
  3 giant cockroaches
  4 goblins
  3 hobgoblins
  2 quokkas
  4 bats
  6 frilled lizards
  3 kobolds
  4 rats
45 creatures vanquished.

Notes
Turn   | Place    | Note
-------+----------+-------------------------------------------
     0 | D:1      | qeuew the Draconian Conjurer began the quest for the Orb.
     0 | D:1      | Reached XP level 1. HP: 14/14 MP: 3/3
   188 | D:1      | Found Wioss's Weapon Emporium.
   267 | D:1      | Found a faded altar of an unknown god.
   411 | D:1      | Reached XP level 2. HP: 22/22 MP: 1/5
   421 | D:1      | Prayed at the altar of an unknown god.
   421 | D:1      | Became a worshipper of the Shining One
   421 | D:1      | Reached * piety under the Shining One
  1287 | D:2      | Reached skill level 1 in Fighting
  1287 | D:2      | Reached XP level 3. HP: 28/28 MP: 2/6
  1383 | D:2      | Learned a level 2 spell: Searing Ray
  1387 | D:2      | Learned a level 3 spell: Dazzling Flash
  1487 | D:2      | Found a glowing golden altar of the Shining One.
  2291 | D:3      | Identified the +1 robe "Wostipau" {Rampage Regen+ Slay-2}
  2351 | D:3      | Reached skill level 1 in Invocations
  2401 | D:3      | Found a white marble altar of Elyvilon.
  2402 | D:3      | Found a glowing silver altar of Zin.
  2403 | D:3      | Found a bloodstained altar of Trog.
  2404 | D:3      | Found a hazy altar of Hepliaklqana.
  2602 | D:3      | Reached XP level 4. HP: 35/35 MP: 4/8
  2742 | D:3      | Fell from the grace of the Shining One
  2742 | D:3      | Became a worshipper of Hepliaklqana the Forgotten
  2833 | D:4      | Found a transporter.
  2833 | D:4      | Noticed sirJeffrey23's ghost (amateur BaFi)
  2841 | D:4      | Noticed Edmund
  2859 | D:4      | Killed Edmund
  2860 | D:4      | Reached XP level 5. HP: 13/41 MP: 5/10
  3489 | D:4      | Found a transporter.
  3642 | D:4      | Gained mutation: You have sharp fingernails. [potion of
                  | mutation]
  3642 | D:4      | Gained mutation: Your flesh is cold resistant. (rC+)
                  | [potion of mutation]
  3642 | D:4      | Lost mutation: You have sharp fingernails. [potion of
                  | mutation]
  3642 | D:4      | Gained mutation: You are somewhat resistant to further
                  | mutation. [potion of mutation]
  3652 | D:4      | Learned a level 4 spell: Iskenderun's Mystic Blast
  3695 | D:5      | Entered Level 5 of the Dungeon
  3702 | D:5      | Slain by an orc

Illustrated notes

Levels and vault maps discovered:
D:1:      matt_arrival_diagonals, layout_basic, serial_shops,
          nicolae_shop_bloodbath_and_beyond, ebering_ecumenical_altar_hall,
          serial_aquarium, aquarium_bridge_square [aquarium_subvault_bridge,
          aquarium_subvault_wall, aquarium_subvault_wall,
          aquarium_subvault_bridge], aquarium_window_corridor_1,
          aquarium_window_fake, aquarium_window_1, aquarium_window_corner,
          aquarium_view_2b, aquarium_view_2e, aquarium_pool_four
D:2:      layout_loops_ring, basic_altar
D:3:      layout_loops_ring, mainiacjoe_overflow_alcove_3
D:4:      layout_loops_ring, gammafunk_ghost_arena, uniq_edmund
D:5:      layout_basic, grunt_dithmenos_shadows, uniq_blork_the_orc,
          uniq_grinder

Skill      XL: |  1  2  3  4 |
---------------+-------------+-----
Dodging        | 2 |  2.6
Fighting       | 1 2 |  2.1
Invocations    | 1 |  1.9
Spellcasting   | 3 |  3.4
Long Blades    | |  0.9
Stealth        | |  1.7
Conjurations   | |  4.5

Action                   |  1- 3 |  4- 6 || total
-------------------------+-------+-------++-------
Melee: Unarmed           |     2 |       ||     2
       Long sword        |       |    18 ||    18
       Tailslap          |       |     3 ||     3
 Cast: Magic Dart        |    76 |    24 ||   100
       Searing Ray       |       |     1 ||     1
  Use: Scroll            |     8 |     6 ||    14
       Potion            |     1 |     2 ||     3
Armor: Skin              |     7 |     9 ||    16
Dodge: Dodged            |     8 |    26 ||    34

Table legend: (Time is in decaauts)
 A = Elapsed time spent in this place.
 B = Non-inter-level travel time spent in this place.
 C = Inter-level travel time spent in this place.
 D = Time resting spent in this place.
 E = Time spent auto-exploring this place.
 F = Levels seen in this place.
 G = Mean time per level.
                   A        B        C        D        E       F      G
               +--------+--------+--------+--------+--------+-----+--------+
         Total |   3707 |   3471 |    236 |      0 |   3156 |   5 |  741.4 |
       Dungeon |   3707 |   3471 |    236 |      0 |   3156 |   5 |  741.4 |
               +--------+--------+--------+--------+--------+-----+--------+

Top non-repeatable levels by time:
     D:1: 1283 daAuts
     D:4: 913 daAuts
     D:2: 761 daAuts
     D:3: 740 daAuts
     D:5: 7 daAuts
